 Dungeon Crawl Stone Soup version 0.30-a0-715-gdb4ae3ece1 (webtiles) character file.

Game seed: 4494875093800770206

6314 BlueFish the Zephyrmancer (level 10, -5/57 HPs)
             Began as a Tengu Air Elementalist on Jan 24, 2023.
             Was an Elder of Vehumet.
             Killed from afar by Erica (18 damage)
             ... with a bolt of poison
             ... on level 8 of the Dungeon.
             The game lasted 00:30:08 (11963 turns).

BlueFish the Zephyrmancer (Tengu Air Elementalist) Turns: 11963, Time: 00:30:08

Health: -5/57      AC:  7    Str:  9    XL:     10   Next: 95%
Magic:  19/19      EV: 17    Int: 19    God:    Vehumet [****..]
Gold:   150        SH:  3    Dex: 15    Spells: 2/20 levels left

rFire   + . .      SeeInvis .    G - staff of fire
rCold   . . .      Faith    +    H - +0 buckler
rNeg    . . .      Spirit   .    M - +2 robe
rPois   .          Reflect  .    (helmet restricted)
rElec   .          Harm     .    D - +1 cloak
rCorr   .          Rampage  .    e - +0 pair of gloves
Will    .....                    (boots unavailable)
Stlth   +++                      s - amulet of faith
HPRegen 0.29/turn                i - ring of wizardry
MPRegen 0.16/turn                (no ring)

@: lethally poisoned (-5 -> -15), flying quickly and evasively, quick
A: beak, talons 3, nimble flight
a: Renounce Religion


You were on level 8 of the Dungeon.
You worshipped Vehumet.
Vehumet was greatly pleased with you.
You visited 2 branches of the dungeon, and saw 9 of its levels.
You also visited: Sewer.

You collected 425 gold pieces.
You spent 275 gold pieces at shops.

Inventory:

Missiles
 x - 3 throwing nets
Armour
 e - a +0 pair of gloves (worn)
 D - a +1 cloak (worn)
 H - a +0 buckler (worn)
 M - a +2 robe (worn)
Magical Staves
 G - a staff of fire (weapon)
Jewellery
 i - a ring of wizardry (left hand)
 s - an amulet of faith (around neck)
 u - an amulet of guardian spirit
Wands
 p - a wand of acid (18)
 t - a wand of iceblast (7)
 F - a wand of flame (14)
 K - a wand of paralysis (9)
Scrolls
 d - 6 scrolls of teleportation
 f - 2 scrolls of blinking {unknown}
 j - a scroll of immolation {unknown}
 l - 2 scrolls of summoning {unknown}
 n - 2 scrolls of noise {unknown}
 r - a scroll of amnesia {unknown}
 v - a scroll of fog
 w - 2 scrolls of poison {unknown}
 y - 2 scrolls of enchant armour
 A - a scroll of torment
 E - a scroll of vulnerability
 I - 3 scrolls of identify
 J - 2 scrolls of magic mapping {unknown}
Potions
 b - 3 potions of magic
 g - 2 potions of haste
 h - 3 potions of lignification
 k - 3 potions of mutation
 m - 2 potions of ambrosia
 o - 4 potions of curing
 q - a potion of might
 z - 4 potions of attraction
 B - 3 potions of invisibility
 C - a potion of resistance
 L - a potion of berserk rage {unknown}


   Skills:
 + Level 4.2 Fighting
 + Level 4.2 Staves
 + Level 7.0 Dodging
 + Level 6.9 Stealth
 + Level 5.9 Spellcasting
 + Level 8.1 Conjurations
 + Level 4.2 Fire Magic
 + Level 9.0 Air Magic
 + Level 4.3 Evocations


You had 2 spell levels left.
You knew the following spells:

 Your Spells              Type           Power      Damage    Failure   Level
a - Shock                 Conj/Air       100%       1d9       1%          1
b - Static Discharge      Conj/Air       76%        2-6/arc   1%          2
c - Swiftness             Air            40%        N/A       1%          3
d - Airstrike             Air            20%        2d(3-19)  1%          4
e - Fireball              Conj/Fire      21%        3d10      4%          5
f - Mephitic Cloud        Conj/Pois/Air  27%        N/A       1%          3

Your spell library contained the following spells:

 Spells                   Type           Power      Damage    Failure   Level
 Inner Flame              Hex/Fire       20%        N/A       2%          3
 Foxfire                  Conj/Fire      100%       2x1d9     1%          1
 Magic Dart               Conj           100%       1d8       1%          1
 Poisonous Vapours        Pois/Air       44%        N/A       1%          2
 Cigotuvi's Dreadful Rot  Necr/Pois/Air  34%        N/A       2%          2
 Call Imp                 Summ           5%         N/A       10%         2
 Lesser Beckoning         Tloc           10%        N/A       10%         2
 Gell's Gravitas          Tloc           5%         N/A       19%         3
 Teleport Other           Tloc           5%         N/A       19%         3
 Starburst                Conj/Fire      21%        6d7       19%         6
 Dispel Undead            Necr           5%         3d7       50%         4
 Death Channel            Necr           2%         N/A       100%        6


Dungeon Overview and Level Annotations

Branches:
Dungeon (8/15)             Temple (1/1) D:5           Sewer (visited)
   Lair: D:8-11

Altars:
Cheibriados
Fedhas
Hepliaklqana
Kikubaaqudgha
Okawaru
Qazlal
Uskayaw
Vehumet
Wu Jian
Xom
The Shining One

Shops:
D:6 *

Annotations:
D:7 exclusions: acid dragon, cyclops, sky beast and 1 more exclusion
D:8 Erica


Innate Abilities, Weirdness & Mutations

You have a beak for a mouth.
You have claws for feet.
Your magical nature lets you fly swiftly and evasively.


Message History

Casting: Static Discharge (safe; 1% risk of failure)
Confirm with . or Enter, or press ? or * to list all spells.
Something is struck by an arc of lightning.
You are struck by an arc of lightning.
* * * LOW HITPOINT WARNING * * *
Something is struck by an arc of lightning.
You are struck by an arc of lightning.
* * * LOW HITPOINT WARNING * * *
The lightning grounds out.
You hear some strange, mumbled words.
Something tries to affect you, but you resist.
Casting: Static Discharge (safe; 1% risk of failure)
Confirm with . or Enter, or press ? or * to list all spells.
Something is struck by an arc of lightning.
You are struck by an arc of lightning.
* * * LOW HITPOINT WARNING * * *
The lightning grounds out.
Something hits you.
* * * LOW HITPOINT WARNING * * *
Something burns you.
* * * LOW HITPOINT WARNING * * *
You feel much better.
You hear some strange, mumbled words.
A bolt of poison appears from out of thin air!
The bolt of poison misses you.
Casting: Static Discharge (safe; 1% risk of failure)
Confirm with . or Enter, or press ? or * to list all spells.
Something is struck by an arc of lightning.
You are struck by an arc of lightning.
The lightning grounds out.
You hear some strange, mumbled words.
A lance of force appears from out of thin air!
The lance of force hits you!
* * * LOW HITPOINT WARNING * * *
You are knocked back by the lance of force.
Okay, then.
Magic courses through your body.
You hear some strange, mumbled words.
A bolt of poison appears from out of thin air!
The bolt of poison hits you!!
You are poisoned.
You die...

######### ##...#...##
##.........## #######
#...........# @...YY#
###########...........# #.#
.....†{.@....)........# #.##
############.........##
#..#### #### ##...)...#####
##....# #..## ####.#####...
####.# #...# ##..# #... #.#
#...### #..######...
#.#####....######))...>.....
#.....##.#........#####.....
#####..#.##...##.## #.#...


There were no monsters in sight!

Vanquished Creatures
  A deep elf pyromancer (D:7)
  An ugly thing (D:7)
  Psyche (D:8)
  An unseen horror (D:7)
  Prince Ribbit (D:5)
  Grinder (D:4)
  A wyvern (D:8)
  6 yaks
  2 steam dragons (D:7)
  An acid dragon (D:8)
  A water moccasin (D:8)
  2 orc warriors
  A sky beast (D:7)
  A black bear (D:5)
  An ice beast (D:7)
  5 ogres
  4 centaurs
  Blork the orc (D:5)
  5 kobold brigands
  2 bullfrogs
  A gnoll sergeant (D:5)
  2 necrophages (D:7)
  3 scorpions (D:4)
  2 howler monkeys (D:7)
  2 hounds (D:7)
  4 jellies
  3 orc priests
  2 gnoll boudas
  4 iguanas
  2 orc wizards
  A mummy (D:5)
  23 gnolls
  11 adders
  4 river rats (Sewer)
  A shadow imp (D:7)
  4 white imps
  An ufetubus (D:7)
  3 worms
  2 dart slugs (D:1)
  23 orcs
  7 endoplasms
  4 giant cockroaches
  3 goblins
  10 hobgoblins
  13 jackals
  40 kobolds
  8 quokkas
  8 ball pythons
  6 bats
  2 frilled lizards
  25 rats
263 creatures vanquished.

Vanquished Creatures (others)
  An orc (D:3)
  A plant (D:5)
2 creatures vanquished.

Grand Total: 265 creatures vanquished

Notes
Turn   | Place    | Note
-------+----------+-------------------------------------------
     0 | D:1      | BlueFish the Tengu Air Elementalist began the quest for the
                  | Orb.
     0 | D:1      | Reached XP level 1. HP: 10/10 MP: 4/4
   203 | D:1      | Reached XP level 2. HP: 15/15 MP: 0/6
   204 | D:1      | You fall into a shaft and drop 1 floor!
   584 | D:1      | Reached XP level 3. HP: 16/19 MP: 1/7
  1819 | D:2      | Reached XP level 4. HP: 24/24 MP: 5/8
  2424 | D:3      | Found a stormy altar of Qazlal.
  3076 | D:3      | Gained mutation: Your magical nature lets you fly swiftly
                  | and evasively. [Tengu growth]
  3076 | D:3      | Reached XP level 5. HP: 28/28 MP: 5/10
  3345 | D:4      | Reached skill level 5 in Air Magic
  3516 | D:4      | Reached XP level 6. HP: 32/32 MP: 5/11
  3735 | D:4      | Learned a level 2 spell: Static Discharge
  3739 | D:4      | Learned a level 3 spell: Swiftness
  4396 | D:4      | Reached XP level 7. HP: 29/36 MP: 10/13
  4649 | D:4      | Noticed Grinder
  4661 | D:4      | Killed Grinder
  4662 | D:4      | Reached skill level 5 in Conjurations
  4662 | D:4      | Reached skill level 6 in Air Magic
  5029 | D:5      | Entered Level 5 of the Dungeon
  5037 | D:4      | Reached XP level 8. HP: 15/41 MP: 4/15
  5300 | D:5      | Found a staircase to the Ecumenical Temple.
  5306 | Temple   | Entered the Ecumenical Temple
  5314 | Temple   | Became a worshipper of Vehumet
  5531 | D:5      | Found a glowing drain.
  5554 | D:5      | Reached skill level 5 in Dodging
  5554 | D:5      | Reached skill level 5 in Stealth
  5576 | Sewer    | Entered a sewer
  5737 | Sewer    | Reached skill level 1 in Fighting
  5737 | Sewer    | Reached skill level 1 in Evocations
  5818 | Sewer    | Reached * piety under Vehumet
  5818 | Sewer    | Offered knowledge of Magic Dart by Vehumet.
  6213 | Sewer    | Reached ** piety under Vehumet
  6214 | Sewer    | Reached skill level 7 in Air Magic
  6238 | Sewer    | Offered knowledge of Sandblast by Vehumet.
  6424 | D:5      | Found a hazy altar of Hepliaklqana.
  6473 | D:5      | Found a hide-covered altar of Uskayaw.
  7044 | D:5      | Noticed Blork the orc
  7051 | D:5      | Learned a level 4 spell: Airstrike
  7057 | D:5      | Learned a level 5 spell: Fireball
  7064 | D:5      | Killed Blork the orc
  7065 | D:5      | Reached skill level 1 in Staves
  7243 | D:5      | Found a snail-covered altar of Cheibriados.
  7243 | D:5      | Noticed Prince Ribbit
  7249 | D:5      | Killed Prince Ribbit
  7249 | D:5      | Offered knowledge of Hailstorm by Vehumet.
  7250 | D:5      | Reached skill level 1 in Fire Magic
  7250 | D:5      | Reached XP level 9. HP: 48/48 MP: 4/17
  7780 | D:6      | Found an iron altar of Okawaru.
  7786 | D:6      | Found a blossoming altar of Fedhas.
  7842 | D:6      | Found Lutek's Elemental Accessories.
  7852 | D:6      | Bought a staff of fire for 275 gold pieces
  8481 | D:7      | Reached *** piety under Vehumet
  8482 | D:7      | Reached skill level 5 in Spellcasting
  8615 | D:7      | Learned a level 3 spell: Mephitic Cloud
  8749 | D:7      | Reached skill level 8 in Air Magic
  8795 | D:7      | Noticed a deep elf pyromancer
  8963 | D:7      | Offered knowledge of Iskenderun's Mystic Blast by Vehumet.
  8999 | D:7      | Noticed a green ugly thing
  9176 | D:7      | Reached XP level 10. HP: 56/56 MP: 10/18
  9297 | D:7      | Noticed a two-headed ogre
  9525 | D:7      | Killed an unseen horror
  9910 | D:7      | Found an ornate altar of the Wu Jian Council.
  9929 | D:7      | Reached **** piety under Vehumet
 10123 | D:7      | Noticed a cyclops
 10401 | D:7      | Offered knowledge of Inner Flame by Vehumet.
 10536 | D:7      | Killed a green ugly thing
 10637 | D:7      | Killed a deep elf pyromancer
 10855 | D:8      | Noticed Psyche
 10955 | D:7      | Noticed a two-headed ogre
 10985 | D:8      | Paralysed by Psyche for 2 turns
 11199 | D:8      | Killed Psyche
 11713 | D:8      | Identified the +4 dagger "Dragonslayer" {heavy, Contam
                  | rPois rC++ Will+}
 11820 | D:8      | Noticed Erica
 11944 | D:8      | Reached skill level 9 in Air Magic
 11963 | D:8      | Killed from afar by Erica

Illustrated notes

Levels and vault maps discovered:
D:1:      minmay_arrival_four_houses, layout_basic, serial_co_window_serial,
          co_window_corner_a, co_window_corner_a, co_window_of_opportunity_a,
          co_window_paths_a, co_window_paths_a, co_window_broadway_b,
          co_window_broadway_a, co_window_unsneaky_path_d,
          co_window_of_opportunity_c, co_window_unsneaky_path_d,
          co_window_broadway_b, glass_columns_a, glass_columns_b,
          glass_columns_b, glass_columns_c
D:2:      layout_basic, minmay_misc_feat_doors
D:3:      layout_basic, nicolae_qazlal_general_emergency
D:4:      layout_cave_pods, uniq_grinder
D:5:      layout_loops_cross, nicolae_uskayaw_dance_hall,
          mainiacjoe_overflow_alcove_4, slow_altar_2, temple_green,
          cheibrodos_sewer_entry_drain, grunt_decor_one_mirror,
          uniq_blork_the_orc, uniq_prince_ribbit1
D:6:      layout_rooms, minitemple, nicolae_elemental_shop,
          minmay_misc_feat_alley
D:7:      minmay_the_grid_triangle_9x9_recursive_2
          [minmay_the_grid_triangle_9x9_prize_schism,
          minmay_the_grid_triangle_9x9_skeleton,
          minmay_the_grid_triangle_9x9_warning,
          minmay_the_grid_triangle_9x9_windchime], layout_loops_ring,
          nicolae_wu_jian_immortal_techniques, minmay_bent
D:8:      layout_rooms, uniq_psyche, uniq_erica
Temple:   nicolae_temple_bog_church

Skill      XL: |  1  2  3  4  5  6  7  8  9 10 |
---------------+-------------------------------+-----
Conjurations   | 2 3 4 5 6 7 8 |  8.1
Dodging        | 3 4 5 6 7 |  7.0
Stealth        | 3 4 5 6 |  6.9
Air Magic      | 5 6 7 8 9 |  9.0
Spellcasting   | 3 4 5 |  5.9
Fighting       | 1 3 4 |  4.2
Evocations     | 2 3 4 |  4.3
Staves         | 1 3 4 |  4.2
Fire Magic     | 1 2 4 |  4.2

Action                     |  1- 3 |  4- 6 |  7- 9 | 10-12 || total
---------------------------+-------+-------+-------+-------++-------
  Melee: Whip              |    19 |       |       |       ||    19
         Peck              |     6 |     7 |     6 |    10 ||    29
         Kick              |     5 |    13 |    25 |     5 ||    48
         Unarmed           |     1 |       |       |       ||     1
         Short sword       |     3 |       |       |       ||     3
         Dagger            |       |    35 |    23 |       ||    58
         Spear             |       |     4 |     5 |       ||     9
         Quarterstaff      |       |       |    13 |       ||    13
         Staff             |       |       |    23 |    28 ||    51
   Cast: Shock             |    59 |   117 |   226 |   103 ||   505
         Static Discharge  |       |       |    23 |    11 ||    34
         Airstrike         |       |       |    23 |    35 ||    58
         Swiftness         |       |       |       |     1 ||     1
    Use: Scroll            |       |       |    16 |       ||    16
         Potion            |       |       |       |     3 ||     3
   Stab: Sleeping          |       |     2 |     1 |       ||     3
 Armour: Robe              |     4 |    12 |    15 |     7 ||    38
  Dodge: Dodged            |    23 |    29 |    85 |    45 ||   182
  Block: Buckler           |       |       |       |     3 ||     3

Table legend: (Time is in decaauts)
 A = Elapsed time spent in this place.
 B = Non-inter-level travel time spent in this place.
 C = Inter-level travel time spent in this place.
 D = Time resting spent in this place.
 E = Time spent auto-exploring this place.
 F = Levels seen in this place.
 G = Mean time per level.
                   A        B        C        D        E       F      G
               +--------+--------+--------+--------+--------+-----+--------+
         Total |  11565 |  11231 |    334 |    139 |   8958 |  10 | 1156.5 |
       Dungeon |  10769 |  10435 |    334 |    139 |   8448 |   8 | 1346.1 |
        Temple |     15 |     15 |      0 |      0 |      0 |   1 |   15.0 |
         Sewer |    780 |    780 |      0 |      0 |    509 |   1 |  780.0 |
               +--------+--------+--------+--------+--------+-----+--------+

Top non-repeatable levels by time:
     D:7: 2441 daAuts
     D:4: 1803 daAuts
     D:5: 1276 daAuts
     D:2: 1201 daAuts
     D:6: 1135 daAuts
     D:1: 1081 daAuts
     D:3: 1052 daAuts
   Sewer: 780 daAuts
     D:8: 776 daAuts
  Temple: 15 daAuts
